AoeStats
← tainankadij

Hideout

510155337Analyzed
1v1 RM · 2d ago on Sep 29, 2026· 33m 44s· 2 players
Game mode
Random Map
Map size
Tiny (2 player)
Population
200
Speed
Normal
Resources
Standard
Victory
Conquest
Starting age
Dark Age
Ending age
Imperial Age
RankedLock teamsTeams togetherTeam positionsShared explorationLock speedFull tech treeHidden civsTurbo modeCheats
Victory
Defeat
🇮🇩 Burgundians · Indonesia
994
+18
🇬🇵 Celts · Guadeloupe
1036
-18
tainankadij
5:02 Double-Bit Axe
10:45 Feudal Age
10:08 Gold Mining
10:15 Horse Collar
11:48 Bow Saw
12:31 Gold Shaft Mining
11:50 Man-at-Arms
13:46 Arson
14:58 Wheelbarrow
14:32 Heavy Plow
14:48 Scale Mail Armor
17:35 Forging
23:10 Castle Age
21:44 Scale Barding Armor
23:37 Hand Cart
23:15 Cavalier
23:58 Husbandry
27:36 Long Swordsman
axel_le_g
11:22 Feudal Age
15:46 Castle Age
14:23 Double-Bit Axe
14:21 Horse Collar
15:33 Scale Mail Armor
16:26 Loom
17:11 Bow Saw
17:37 Fletching
18:45 Town Watch
25:01 Wheelbarrow
29:06 Chain Mail Armor
29:06 Pikeman
32:51 Sanctity
Connection lost

Rejoining the realm…

Still unreachable

The connection could not be restored.

Session expired

The server has moved on; the page needs a fresh start.